 Dungeon Crawl Stone Soup version 0.28.0-43-g3370ac3207 (webtiles) character file.

Game seed: 18296686373947985388

394 jimonade the Caller (level 6, -2/44 HPs)
             Began as a Merfolk Summoner on Mar 12, 2022.
             Slain by a killer bee (7 damage)
             ... on level 4 of the Dungeon.
             The game lasted 00:21:31 (4149 turns).

jimonade the Caller (Merfolk Summoner)              Turns: 4149, Time: 00:21:31

Health: -2/44      AC:  6    Str:  8    XL:     6   Next: 82%
Magic:  19/21      EV: 10    Int: 19    God:
Gold:   105        SH:  0    Dex: 15    Spells: 10/13 levels left

rFire   . . .      SeeInvis +   b - +0 hand axe
rCold   . . .      Faith    .   (no shield)
rNeg    . . .      Spirit   .   k - +0 ring mail
rPois   +          Reflect  .   (no helmet)
rElec   .          Harm     .   (no cloak)
rCorr   .          Rampage  .   (no gloves)
Will    .....                   u - +0 pair of boots "Plog" {+Inv Regen+ Int+3 SInv}
Stlth   +.........              (no amulet)
HPRegen 0.94/turn               d - ring of poison resistance
MPRegen 0.17/turn               r - ring of magical power

@: lethally poisoned (-2 -> -2), studying Translocations
A: (nimble swimmer 2), mertail
a: Evoke Invisibility


You were on level 4 of the Dungeon.
You visited 1 branch of the dungeon, and saw 4 of its levels.

You collected 105 gold pieces.

Inventory:

Hand Weapons
 b - a +0 hand axe (weapon)
 e - a +0 whip
 n - a +0 spectral club
Missiles
 s - 56 stones
 t - 5 silver javelins
 v - 4 large rocks
Armour
 a - a +0 robe
 c - a +0 scale mail
 f - a +0 leather armour
 k - a +0 ring mail (worn)
 u - the +0 pair of boots "Plog" (worn) {+Inv Regen+ Int+3 SInv}
   (You found it on level 4 of the Dungeon)

   Int:       It affects your intelligence (+3).
   SInv:      It lets you see invisible.
   +Inv:      It lets you turn invisible.
   Regen:     It increases your rate of health regeneration.
Jewellery
 d - a ring of poison resistance (left hand)
 r - a ring of magical power (right hand)
Scrolls
 h - a scroll of brand weapon {unknown}
 i - a scroll of identify {unknown}
 j - a scroll of teleportation {unknown}
 o - a scroll of fear {unknown}
 p - a scroll of enchant weapon {unknown}
Potions
 g - a potion of lignification {unknown}
 l - 3 potions of curing {unknown}
 m - a potion of berserk rage {unknown}
 q - 3 potions of brilliance {unknown}


   Skills:
 * Level 1.8 Fighting
 + Level 1.1 Axes
 * Level 1.1 Armour
 - Level 2.7 Dodging
 - Level 2.1 Stealth
 * Level 4.2 Spellcasting
 * Level 5.8 Summonings


You had 10 spell levels left.
You knew the following spells:

 Your Spells              Type           Power      Damage    Failure   Level
a - Summon Small Mammal   Summ           100%       N/A       3%          1
b - Call Imp              Summ           26%        N/A       5%          2

Your spell library contained the following spells:

 Spells                   Type           Power      Damage    Failure   Level
 Call Canine Familiar     Summ           26%        N/A       11%         3
 Summon Guardian Golem    Hex/Summ       15%        N/A       36%         3
 Summon Lightning Spire   Summ/Air       15%        N/A       77%         4


Dungeon Overview and Level Annotations

Branches:
Dungeon (4/15)
 Temple: D:4-7

Altars:
Elyvilon
Gozag
Kikubaaqudgha
Okawaru
Trog
Uskayaw
Xom
Yredelemnul

Annotations:
D:4 3 runed translucent doors, exclusions: two-headed ogre and 4 more exclusions, smarlow's ghost, amateur DjCj


Innate Abilities, Weirdness & Mutations

((You are very nimble when in or above water. (Stealth+, EV+, Speed+++)))
Your lower body shifts to a powerful aquatic tail in water.


Message History

The hound skeleton bites you but does no damage.
You hit the hound skeleton.
The hound skeleton is severely damaged.
The hound skeleton bites you but does no damage.
You hit the hound skeleton.
The hound skeleton is almost destroyed.
The hound skeleton bites you. The hound skeleton closely misses you.
You hit the hound skeleton.
You destroy the hound skeleton!
You swap places.
The killer bee stings you.
The killer bee stings you but does no damage.
You barely miss the killer bee. The killer bee stings you!
The killer bee stings you. x2
You are poisoned.
The killer bee poisons you!
You feel sick.
Your crimson imp hits the killer bee.
The killer bee stings you but does no damage.
You miss the killer bee.
The killer bee is moderately wounded.
You feel sick. The killer bee closely misses you.
The killer bee barely misses you.
Your crimson imp misses the killer bee.
You are too injured to fight recklessly!
You are too injured to fight recklessly!
You feel sick. The killer bee stings you.
You feel sick.
The orc wizard shouts!
The killer bee stings you!
* * * LOW HITPOINT WARNING * * *
You feel sick. The killer bee completely misses you.
The orc wizard mumbles some strange words.
The orc wizard flickers and vanishes for a moment.
Casting: Call Imp (safe; 5% risk of failure)
Confirm with . or Enter, or press ? or * to list all spells.
A beastly little devil appears in a puff of flame.
You feel sick.
Your crimson imp disappears in a puff of smoke!
The killer bee stings you.
* * * LOW HITPOINT WARNING * * *
The killer bee stings you!
You die...

............#
.#.......#..#
........l...#
.#.....#.#..#
............#
.#.).#.#.#..#
........#...# ####
.#.#.#.#.#..########....
............##.y@.5.....
###.....###.#o§###.###..
#####.###...#.5.#...
#..##..###.###..#
##....#.#.#.#.#.#
#...###.###[# ..
########..#.#.#.#.#.# #
..........#..###.###..
........#.#...#...# .##


You could see a killer bee (ally target), an orc wizard (invisible) and a
friendly crimson imp (summoned).

Vanquished Creatures
  A hound (D:3)
  2 hound skeletons (D:4)
  An adder (D:4)
  2 ball pythons
  2 endoplasms (D:4)
  3 hobgoblins
  2 jackals (D:1)
  2 kobolds
  A ball python skeleton (D:3)
16 creatures vanquished.

Vanquished Creatures (collateral kills)
  A necrophage (D:4)
  A bullfrog (D:4)
  A bullfrog zombie (D:4)
  A hound (D:3)
  Jessica (D:2)
  4 adders
  An adder skeleton (D:4)
  A worm (D:2)
  2 orcs
  4 endoplasms
  4 giant cockroaches
  6 hobgoblins
  2 jackals (D:4)
  A frilled lizard (D:1)
  3 goblins
  5 kobolds
  2 rats (D:3)
40 creatures vanquished.

Grand Total: 56 creatures vanquished

Notes
Turn   | Place    | Note
-------+----------+-------------------------------------------
     0 | D:1      | jimonade the Merfolk Summoner began the quest for the Orb.
     0 | D:1      | Reached XP level 1. HP: 13/13 MP: 3/3
   369 | D:1      | Reached XP level 2. HP: 19/19 MP: 1/5
   411 | D:1      | Learned a level 2 spell: Call Imp
  1322 | D:1      | Found a faded altar of an unknown god.
  1622 | D:2      | Reached XP level 3. HP: 24/24 MP: 4/6
  1687 | D:2      | Noticed Jessica
  1703 | D:2      | Killed Jessica
  1997 | D:2      | Found a hide-covered altar of Uskayaw.
  2200 | D:3      | Reached XP level 4. HP: 13/31 MP: 6/8
  2494 | D:3      | Reached skill level 1 in Fighting
  2494 | D:3      | Reached skill level 5 in Summonings
  2588 | D:3      | Found a shimmering altar of Xom.
  2588 | D:3      | Found a white marble altar of Elyvilon.
  2615 | D:3      | Found a bloodstained altar of Trog.
  2622 | D:3      | Found an ancient bone altar of Kikubaaqudgha.
  2625 | D:3      | Found a basalt altar of Yredelemnul.
  2631 | D:3      | Found an iron altar of Okawaru.
  2666 | D:3      | Reached XP level 5. HP: 37/37 MP: 6/9
  3013 | D:3      | Found an opulent altar of Gozag.
  3681 | D:4      | Reached skill level 1 in Axes
  3681 | D:4      | Reached XP level 6. HP: 43/43 MP: 11/11
  3691 | D:4      | Identified the +0 pair of boots "Plog" {+Inv Regen+ Int+3
                  | SInv}
  3815 | D:4      | Noticed a sky beast
  3818 | D:4      | Noticed a two-headed ogre
  3873 | D:3      | Reached skill level 1 in Armour
  4017 | D:4      | Found a runed translucent gate.
  4017 | D:4      | Found a runed translucent gate.
  4017 | D:4      | Noticed smarlow's ghost (amateur DjCj)
  4019 | D:4      | Found a runed translucent gate.
  4029 | D:4      | Noticed a necrophage
  4053 | D:4      | Killed a necrophage
  4149 | D:4      | Slain by a killer bee

Illustrated notes

Levels and vault maps discovered:
D:1:      minmay_arrival_doors, layout_basic, ebering_ecumenical_altar_webs
D:2:      layout_basic, basic_altar, minmay_domino_2, uniq_jessica
D:3:      layout_basic, nicolae_overflow_hallway_of_the_gods, marbit_many_paths
D:4:      layout_basic, gammafunk_ghost_nasty_kobolds, hangedman_decor_riveting,
          minmay_manual_mail, uniq_crazy_yiuf_cottage

Skill      XL: |  1  2  3  4  5  6 |
---------------+-------------------+-----
Fighting       | 1 |  1.8
Spellcasting   | 3 4 |  4.2
Summonings     | 5 |  5.8
Axes           | 1 |  1.1
Armour         | 1 |  1.1
Dodging        | |  2.7
Stealth        | |  2.1

Action                   |  1- 3 |  4- 6 || total
-------------------------+-------+-------++-------
Melee: Hand axe          |    29 |    51 ||    80
 Cast: Summon Small Mamm |    13 |       ||    13
       Call Imp          |    10 |    24 ||    34
 Stab: Distracted        |     1 |       ||     1
Armor: Robe              |     5 |    10 ||    15
       Ring mail         |       |    16 ||    16
Dodge: Dodged            |    29 |    49 ||    78
